 Dungeon Crawl Stone Soup version 0.24.0-123-gd5b16e6ec5 (webtiles) character file.

Game seed: 17368395537934570199, levelgen mode: deterministic

94 FishyPogo the Gusty (level 4, -3/24 HPs)
             Began as a Tengu Air Elementalist on Dec 19, 2019.
             Slain by Sigmund
             ... wielding a +0 scythe
              (6 damage)
             ... on level 3 of the Dungeon.
             The game lasted 00:05:36 (1649 turns).

FishyPogo the Gusty (Tengu Air Elementalist)        Turns: 1649, Time: 00:05:36

Health: -3/24      AC:  2    Str:  8    XL:     4   Next: 63%
Magic:  4/8        EV: 13    Int: 16    God:
Gold:   52         SH:  0    Dex: 15    Spells: 1/7 levels left

rFire    . . .     SeeInvis .   e - +2 dagger (protect)
rCold    . . .     Gourm    .   (no shield)
rNeg     . . .     Faith    .   a - +0 robe
rPois    .         Spirit   .   (helmet restricted)
rElec    .         Reflect  .   (no cloak)
rCorr    .         Harm     .   (no gloves)
MR       .....                  (boots unavailable)
Stlth    ++........             (no amulet)
HPRegen  0.08/turn              (no ring)
MPRegen  0.11/turn              (no ring)

@: lethally poisoned (-3 -> -19), very slightly contaminated
A: beak, talons 3
a: no special abilities


You were on level 3 of the Dungeon.
You were not hungry.

You visited 1 branch of the dungeon, and saw 3 of its levels.

You collected 52 gold pieces.

Inventory:

Hand Weapons
 e - a +2 dagger of protection (weapon)
 h - a +3 mace of protection
Missiles
 b - 43 stones (quivered)
Armour
 a - a +0 robe (worn)
Scrolls
 d - a scroll of enchant weapon {unknown}
 f - 4 scrolls of identify {unknown}
 i - a scroll of blinking {unknown}
 j - a scroll of remove curse {unknown}
 k - a scroll of fog {unknown}
 l - 3 scrolls of enchant armour {unknown}
 n - a scroll of amnesia {unknown}
Potions
 g - 5 potions of degeneration {unknown}
 m - a potion of heal wounds {unknown}
 o - a potion of invisibility {unknown}
 p - a potion of curing {unknown}
Comestibles
 c - 5 rations
 q - a chunk of flesh


   Skills:
 * Level 3.3 Dodging
 - Level 2.0 Stealth
 + Level 2.3 Spellcasting
 * Level 3.1 Conjurations
 * Level 5.0 Air Magic


You had one spell level left.
You knew the following spells:

 Your Spells              Type           Power        Failure   Level  Hunger
a - Shock                 Conj/Air       ###.         3%          1    #......
b - Static Discharge      Conj/Air       ###.....     11%         3    ###....
s - Swiftness             Chrm/Air       #.......     11%         2    ###....

Your spell library contained the following spells:

 Spells                   Type           Power        Failure   Level  Hunger
 Airstrike                Air            ###.......   26%         4    #####..
 Lightning Bolt           Conj/Air       ###.......   71%         5    ######.


Dungeon Overview and Level Annotations

Branches:
Dungeon (3/15)

Altars:

Annotations:
D:3 Sigmund


Innate Abilities, Weirdness & Mutations

You have a beak for a mouth.
You have claws for feet.


Message History

The gnoll shouts!
The orc hits you but does no damage.
A gnoll comes into view. It is wielding a +0 spear.
You struggle against the net.
Sigmund hits you but does no damage. The orc hits you with a +0 falchion.
You rip the net and break free!
A gnoll comes into view. It is wielding a +0 club.
The orc misses you.
The gnoll hits you with a +1 whip of venom!
You are lethally poisoned!
Sigmund barely misses you.
* * * LOW HITPOINT WARNING * * *
You feel sick.
The gnoll hits you with a +1 whip of venom.
* * * LOW HITPOINT WARNING * * *
You are more poisoned.
* * * LOW HITPOINT WARNING * * *
You feel sick.
Sigmund hits you from afar with a +0 scythe.
You die...

..# #.# ### #.#
..[
#######.###.##
#............#
#....<.......#
#.#####.####.# #
#.####.##
#@.......
##.####.##
.#..####@go#
...g....g..###.##
.#.g####.........
...#####†####.##
....o.........##
................
...#####.######.


You could see Sigmund, 2 gnolls and an orc.

Vanquished Creatures
  Jessica (D:2)
  2 adders (D:2)
  An ooze (D:1)
  A dart slug (D:2)
  A leopard gecko (D:1)
  A giant cockroach (D:2)
  6 goblins
  9 hobgoblins
  3 jackals
  4 kobolds (D:1)
  8 bats
  2 frilled lizards (D:1)
  3 rats
42 creatures vanquished.

Notes
Turn   | Place    | Note
-------+----------+-------------------------------------------
     0 | D:1      | FishyPogo the Tengu Air Elementalist began the quest for
                  | the Orb.
     0 | D:1      | Reached XP level 1. HP: 10/10 MP: 4/4
   195 | D:1      | Reached XP level 2. HP: 11/15 MP: 1/6
   212 | D:1      | Learned a level 2 spell: Swiftness
   590 | D:1      | Reached XP level 3. HP: 17/19 MP: 1/7
   595 | D:1      | Learned a level 3 spell: Static Discharge
   831 | D:2      | Reached XP level 4. HP: 13/24 MP: 0/8
   957 | D:2      | Noticed Jessica
   964 | D:2      | Killed Jessica
   964 | D:2      | Reached skill level 5 in Air Magic
  1635 | D:3      | Noticed Sigmund
  1649 | D:3      | Slain by Sigmund

Levels and vault maps discovered:
D:1:      dpeg_arrival_three_same_balls, layout_basic, grunt_decor_arrowhead
D:2:      layout_basic, nrook_campfire, minmay_bisected, uniq_jessica
D:3:      layout_loops_ring, lemuel_zombie_altar_kikubaaqudgha, first_ration,
          uniq_terence, uniq_grinder, uniq_sigmund

Skill      XL: |  1  2  3  4 |
---------------+-------------+-----
Conjurations   | 2 3 |  3.1
Dodging        | 3 |  3.3
Air Magic      | 5 |  5.0
Stealth        | |  2.0
Spellcasting   | |  2.3

Action                   |  1- 3 |  4- 6 || total
-------------------------+-------+-------++-------
Melee: Dagger            |    32 |     8 ||    40
       Kick              |     9 |     1 ||    10
       Peck              |     2 |     2 ||     4
 Cast: Shock             |    35 |    16 ||    51
       Static Discharge  |       |     1 ||     1
 Stab: Sleeping          |     2 |       ||     2
  Eat: Chunk             |       |     3 ||     3
Armor: Robe              |     6 |     3 ||     9
Dodge: Dodged            |    16 |    14 ||    30
